 Dungeon Crawl Stone Soup version 0.29.0-7-g18a832c13a (webtiles) character file.

Game seed: 2706837156600030150

970 brob1 the Cleaver (level 7, -3/94 HPs)
             Began as a Minotaur Berserker on Sept 1, 2022.
             Was a Priest of Trog.
             Slain by an orc wizard
             ... wielding a +0 dagger
              (4 damage)
             ... on level 5 of the Dungeon.
             The game lasted 00:04:13 (4300 turns).

brob1 the Cleaver (Minotaur Berserker)              Turns: 4300, Time: 00:04:13

Health: -3/94      AC:  6    Str: 23    XL:     7   Next: 94%
Magic:  6/6        EV: 11    Int:  4    God:    Trog [***...]
Gold:   267        SH:  0    Dex: 10    Spells: 6/6 levels left

rFire   + . .      SeeInvis .   r - +0 war axe
rCold   . . .      Faith    .   (no shield)
rNeg    . . .      Spirit   .   e - +0 ring mail
rPois   .          Reflect  .   (helmet restricted)
rElec   .          Harm     .   (no cloak)
rCorr   .          Rampage  .   (no gloves)
Will    .....                   (no boots)
Stlth   ..........              (no amulet)
HPRegen 0.25/turn               d - +4 ring of slaying
MPRegen 0.10/turn               o - ring of protection from fire

@: berserking, lethally poisoned (-3 -> -5), very quick
A: horns 2, retaliatory headbutt
a: Renounce Religion, Berserk, Trog's Hand


You were on level 5 of the Dungeon.
You worshipped Trog.
Trog was most pleased with you.
You visited 1 branch of the dungeon, and saw 5 of its levels.

You collected 267 gold pieces.

Inventory:

Hand Weapons
 r - a +0 war axe (weapon)
 w - a +3 morningstar
Armour
 e - a +0 ring mail (worn)
Jewellery
 d - a +4 ring of slaying (left hand)
 i - a ring of magical power
 o - a ring of protection from fire (right hand)
 t - a +6 ring of strength
Scrolls
 a - a scroll of enchant weapon {unknown}
 b - 4 scrolls of teleportation {unknown}
 c - 3 scrolls of amnesia {unknown}
 f - a scroll of torment {unknown}
 h - 2 scrolls of fear {unknown}
 m - a scroll of identify
 p - 2 scrolls of magic mapping {unknown}
 q - 2 scrolls of noise {unknown}
 u - a scroll of butterflies {unknown}
 y - a scroll of silence {unknown}
Potions
 g - 3 potions of lignification
 j - a potion of cancellation
 k - 4 potions of curing
 l - a potion of berserk rage
 n - a potion of heal wounds {unknown}
 s - 2 potions of flight {unknown}
 v - a potion of mutation {unknown}
 x - a potion of degeneration {unknown}


   Skills:
 + Level 6.2 Fighting
 + Level 8.3 Axes
 + Level 5.5 Armour
 + Level 3.3 Dodging
 + Level 1.1 Stealth


You had 6 spell levels left.
You didn't know any spells.
Your spell library was empty.

Dungeon Overview and Level Annotations

Branches:
Dungeon (5/15)
 Temple: D:4-7

Altars:
Elyvilon


Innate Abilities, Weirdness & Mutations

You have a pair of horns on your head.
You reflexively headbutt those who attack you in melee.


Message History

Trog accepts your kill.
* * * LOW HITPOINT WARNING * * *
You feel sick.
* * * LOW HITPOINT WARNING * * *
You feel sick. The orc hits you but does no damage.
The orc wizard hits you but does no damage.
Things that are here:
a +0 short sword; a +1 dagger of venom; a +0 robe You closely miss the orc.
You barely miss the orc wizard.
* * * LOW HITPOINT WARNING * * *
You feel sick.
The orc wizard hits you but does no damage.
The orc hits you but does no damage.
You are too berserk!
You barely miss the orc. You barely miss the orc wizard.
* * * LOW HITPOINT WARNING * * *
You feel sick. The orc wizard closely misses you. The orc barely misses you.
You hit the orc.
The orc is heavily wounded.
You hit the orc wizard.
Unknown command.
You slash the orc!
You kill the orc!
Trog accepts your kill.
You barely miss the orc wizard.
* * * LOW HITPOINT WARNING * * *
You feel sick.
The orc wizard hits you with a +0 dagger.
* * * LOW HITPOINT WARNING * * *
You miss the orc wizard.
The orc wizard is moderately wounded.
* * * LOW HITPOINT WARNING * * *
You feel sick.
The orc wizard hits you but does no damage.
You barely miss the orc wizard. Your headbutt misses the orc wizard.
The orc wizard is moderately wounded.
* * * LOW HITPOINT WARNING * * *
You feel sick.
The orc wizard hits you with a +0 dagger.
You die...

.# #.# .# #.# .#####
#.# .....# #.## .###.#
#..######## .#
##.........# .#
.###.....####.# ..
.......!...###o#####
...............)@)....#
####.##.......###.###.#
# ##.....## .# ##...#.
.# ##.##.. .# ### ...
## #.#


You could see an orc wizard.

Vanquished Creatures
  A water moccasin (D:4)
  Duvessa (D:5)
  A gnoll sergeant (D:5)
  A necrophage (D:5)
  4 wights (D:5)
  Dowan (D:5)
  A howler monkey (D:5)
  An orc priest (D:3)
  Terence (D:3)
  Natasha (thrice) (D:3)
  2 orc wizards (D:5)
  Robin (D:3)
  3 gnolls
  5 adders
  A dart slug (D:1)
  11 orcs
  6 endoplasms
  4 giant cockroaches
  18 goblins
  7 hobgoblins
  4 jackals (D:1)
  5 kobolds
  3 quokkas
  5 ball pythons
  3 bats
  A frilled lizard (D:3)
  2 rats (D:1)
96 creatures vanquished.

Notes
Turn   | Place    | Note
-------+----------+-------------------------------------------
     0 | D:1      | brob1 the Minotaur Berserker began the quest for the Orb.
     0 | D:1      | Reached XP level 1. HP: 19/19 MP: 0/0
   128 | D:1      | Reached skill level 4 in Axes
   261 | D:1      | Reached XP level 2. HP: 27/27 MP: 1/1
   317 | D:1      | Found a faded altar of an unknown god.
   939 | D:1      | Reached XP level 3. HP: 31/33 MP: 2/2
  1433 | D:2      | Reached ** piety under Trog
  1772 | D:3      | Noticed Terence
  1778 | D:3      | Killed Terence
  1779 | D:3      | Reached skill level 5 in Axes
  1779 | D:3      | Reached XP level 4. HP: 38/40 MP: 3/3
  2240 | D:3      | Noticed Natasha
  2247 | D:3      | Noticed Robin
  2248 | D:3      | Reached XP level 5. HP: 45/47 MP: 4/4
  2260 | D:3      | Killed Robin
  2269 | D:3      | Killed Natasha
  2693 | D:3      | Noticed Natasha
  2699 | D:3      | Killed Natasha
  2700 | D:3      | Reached skill level 6 in Axes
  2774 | D:3      | Noticed Natasha
  2779 | D:3      | Killed Natasha
  2970 | D:4      | Found a white marble altar of Elyvilon.
  3167 | D:4      | Noticed a water moccasin
  3171 | D:4      | Killed a water moccasin
  3172 | D:4      | Reached XP level 6. HP: 51/55 MP: 5/5
  3339 | D:5      | Entered Level 5 of the Dungeon
  3346 | D:5      | Reached skill level 5 in Fighting
  3346 | D:5      | Reached skill level 7 in Axes
  3581 | D:5      | Reached skill level 5 in Armour
  3583 | D:5      | Reached XP level 7. HP: 23/61 MP: 6/6
  4084 | D:5      | Reached skill level 1 in Stealth
  4227 | D:5      | Reached skill level 8 in Axes
  4273 | D:5      | Noticed Duvessa
  4273 | D:5      | Noticed Dowan
  4282 | D:5      | Killed Duvessa
  4284 | D:5      | Killed Dowan
  4296 | D:5      | HP: 4/94 [poisoned by an orc wizard]
  4298 | D:5      | Reached *** piety under Trog
  4300 | D:5      | HP: 1/94 [poisoned by an orc wizard]
  4300 | D:5      | Slain by an orc wizard

Illustrated notes

Levels and vault maps discovered:
D:1:      minmay_arrival_loop, layout_loops_corners,
          shapermc_ecumenical_altar_mp_highgroup
D:2:      layout_basic, eino_tiny_chamber
D:3:      layout_basic, minmay_crystal_room, uniq_robin, uniq_natasha,
          uniq_terence
D:4:      layout_cave_pools, mainiacjoe_overflow_paths
D:5:      layout_loops_ring, uniq_duvessa

Skill      XL: |  1  2  3  4  5  6  7 |
---------------+----------------------+-----
Axes           | 4 5 6 7 8 |  8.3
Fighting       | 4 5 6 |  6.2
Armour         | 3 4 5 |  5.5
Dodging        | 3 |  3.3
Stealth        | 1 |  1.1

Action                   |  1- 3 |  4- 6 |  7- 9 || total
-------------------------+-------+-------+-------++-------
Melee: Hand axe          |    66 |    45 |       ||   111
       Headbutt          |     6 |    13 |    13 ||    32
       Punch             |     1 |     1 |     1 ||     3
       War axe           |       |    31 |    52 ||    83
Invok: Berserk           |       |     2 |     2 ||     4
  Use: Scroll            |     4 |       |       ||     4
Armor: Animal skin       |     4 |       |       ||     4
       Ring mail         |    15 |    22 |    19 ||    56
Dodge: Dodged            |    28 |    30 |    14 ||    72
